AoeStats
← FishCrates

Pilgrims

509190713Analyzed
3v3 RM · 6d ago on Sep 25, 2026· 35m 26s· 6 players
Game mode
Random Map
Map size
Normal (6 player)
Population
200
Speed
Normal
Resources
Standard
Victory
Conquest
Starting age
Dark Age
Ending age
Imperial Age
RankedLock teamsTeams togetherTeam positionsShared explorationLock speedFull tech treeHidden civsTurbo modeCheats
Victory
Defeat
🇺🇸 Dravidians · United States
1524
+16
🇺🇸 Wu · United States
1524
+16
🇺🇸 Varangians · United States
1481
+17
🇺🇸 Burgundians · United States
1533
-17
🇺🇸 Dravidians · United States
1527
-17
🇺🇸 Danes · United States
1480
-15
washed_king
10:19 Feudal Age
13:27 Loom
16:20 Castle Age
15:41 Wheelbarrow
14:57 Gold Mining
15:03 Double-Bit Axe
15:02 Fishing Lines
17:37 Medium Warships
18:56 Bow Saw
20:05 Wheelbarrow
19:15 Town Watch
20:00 Gillnets
21:11 Wheelbarrow
21:22 Fletching
21:39 Scale Barding Armor
23:03 Bloodlines
22:53 Husbandry
23:16 Chain Barding Armor
25:10 Forging
24:53 Horse Collar
27:43 Hand Cart
27:38 Heavy Plow
27:47 Stone Mining
29:40 Iron Casting
30:00 Stone Shaft Mining
33:46 Imperial Age
31:14 Bodkin Arrow
32:59 Masonry
33:11 Ballistics
35:23 Plate Barding Armor
34:10 Cavalier
35:52 Blast Furnace
35:27 Crop Rotation
DeltaFish
9:56 Feudal Age
8:20 Loom
14:05 Castle Age
12:22 Scale Mail Armor
12:27 Loom
12:34 Arson
13:33 Horse Collar
13:47 Double-Bit Axe
15:06 Chain Mail Armor
14:47 Horse Collar
18:23 Forging
18:29 Squires
20:18 Fletching
22:35 Fishing Lines
27:12 Gillnets
28:58 Heavy Plow
29:14 Bow Saw
32:47 Wheelbarrow
35:40 Imperial Age
33:07 Gold Mining
34:46 Bodkin Arrow
36:26 Iron Casting
FishCrates
6:35 Loom
8:51 Feudal Age
9:26 Double-Bit Axe
11:08 Fletching
18:41 Castle Age
18:56 Fishing Lines
19:38 Medium Warships
19:48 Bodkin Arrow
20:38 Bow Saw
21:29 Ballistics
22:01 Gillnets
22:09 Town Watch
26:39 Horse Collar
28:46 Wheelbarrow
32:18 Imperial Age
31:51 Hand Cart
31:45 Thumb Ring
32:50 Padded Archer Armor
32:54 Gold Mining
33:35 Bracer
34:36 Chemistry
34:01 Conscription
35:51 Masonry
The Daunting Knight
10:32 Feudal Age
12:08 Double-Bit Axe
14:47 Castle Age
14:21 Fishing Lines
14:38 Fletching
14:48 Padded Archer Armor
15:45 Thumb Ring
17:01 Bodkin Arrow
21:47 Gold Mining
26:22 Ballistics
29:05 Loom
29:12 Stone Mining
35:32 Leather Archer Armor
YOGRANNYCANTSCRAP
6:13 Double-Bit Axe
10:02 Fishing Lines
12:22 Feudal Age
13:11 Gold Mining
15:18 Bow Saw
21:26 Castle Age
20:21 Scale Barding Armor
20:27 Forging
21:30 Cavalier
22:32 Loom
29:16 Loom
30:20 Horse Collar
33:57 Wheelbarrow
Thundernips, The Ultimate Gigolo
7:40 Feudal Age
12:00 Castle Age
12:46 Loom
27:30 Wheelbarrow
29:18 Hand Cart
28:49 Town Watch
32:46 Double-Bit Axe
Connection lost

Rejoining the realm…

Still unreachable

The connection could not be restored.

Session expired

The server has moved on; the page needs a fresh start.